 Dungeon Crawl Stone Soup version 0.27-a0-1189-gb8eb6cee8e (webtiles) character file.

Game seed: 4592336371962234893

193 Gargoyl the Skirmisher (level 5, -10/47 HPs)
             Began as a Gnoll Abyssal Knight on May 23, 2021.
             Was a Believer of Lugonu.
             Mangled by Pikel
             ... wielding a +2 whip of electrocution
              (15 damage)
             ... on level 3 of the Dungeon.
             The game lasted 00:04:23 (3288 turns).

Gargoyl the Skirmisher (Gnoll Abyssal Knight)       Turns: 3288, Time: 00:04:24

Health: -10/47     AC: 12    Str: 12    XL:     5   Next: 72%
Magic:  8/8        EV: 13    Int: 11    God:    Lugonu [**....]
Gold:   128        SH:  0    Dex: 12    Spells: 7/7 levels left

rFire    . . .     SeeInvis .   a - +2 hand axe (flame)
rCold    . . .     Faith    .   (no shield)
rNeg     . . .     Spirit   .   e - +4 scale mail {rPois}
rPois    +         Reflect  .   (no helmet)
rElec    .         Harm     .   (no cloak)
rCorr    .         Rampage  .   g - +0 pair of gloves
Will     .....                  (no boots)
Stlth    ..........             (no amulet)
HPRegen  0.15/turn              d - +4 ring of evasion
MPRegen  0.11/turn              (no ring)

@: attractive, flying
A: fangs 1, strong nose, distributed training
a: Renounce Religion, Depart the Abyss, Bend Space


You were on level 3 of the Dungeon.
You worshipped Lugonu.
Lugonu was pleased with you.
You visited 1 branch of the dungeon, and saw 4 of its levels.
You visited the Abyss 1 time.

You collected 128 gold pieces.

Inventory:

Hand Weapons
 a - a +2 hand axe of flaming (weapon)
Armour
 e - a +4 scale mail of poison resistance (worn)
 g - a +0 pair of gloves (worn)
Jewellery
 d - a +4 ring of evasion (left hand)
Potions
 b - a potion of cancellation


   Skills:
 + Level 6.7 Fighting
 + Level 1.6 Short Blades
 + Level 1.6 Long Blades
 + Level 4.8 Axes
 + Level 1.6 Maces & Flails
 + Level 1.6 Polearms
 + Level 1.6 Staves
 + Level 1.6 Slings
 + Level 1.6 Bows
 + Level 1.6 Crossbows
 + Level 1.6 Throwing
 + Level 4.8 Armour
 + Level 3.0 Dodging
 + Level 1.6 Stealth
 + Level 1.6 Shields
 + Level 1.6 Unarmed Combat
 + Level 1.6 Spellcasting
 + Level 1.2 Conjurations
 + Level 1.2 Hexes
 + Level 1.2 Summonings
 + Level 1.2 Necromancy
 + Level 1.2 Translocations
 + Level 1.2 Transmutations
 + Level 1.2 Fire Magic
 + Level 1.2 Ice Magic
 + Level 1.2 Air Magic
 + Level 1.2 Earth Magic
 + Level 1.2 Poison Magic
 + Level 4.9 Invocations
 + Level 1.6 Evocations


You had 7 spell levels left.
You didn't know any spells.
Your spell library was empty.

Dungeon Overview and Level Annotations

Branches:
Dungeon (4/15)
 Temple: D:4-7

Altars:

Shops:
D:3 [[=

Annotations:
D:3 Pikel


Innate Abilities, Weirdness & Mutations

You have very sharp teeth.
Your uncanny sense of smell can sniff out nearby items.
Your experience applies equally to all skills.


Message History

You are electrocuted!
* * * LOW HITPOINT WARNING * * *
Okay, then.
Okay, then.
Pikel says, "Don't tell anyone, but I think Ereshkigal likes me."
It was a potion of magic.
Magic courses through your body.
Pikel says, "You'll feel the lick of my whip!"
Pikel hits you but does no damage.
It was a potion of attraction.
You feel attractive to monsters.
Pikel hits you with a +2 whip of electrocution.
* * * LOW HITPOINT WARNING * * *
It was a potion of flight.
You feel very buoyant.
You fly up into the air.
Pikel completely misses you. The lemure is pulled toward you!
You aren't carrying any scrolls.
Unknown command.
The lemure is pulled toward you! The lemure is pulled toward you!
The lemure is pulled toward you! The lemure is pulled toward you!
The lemure is pulled toward you! The lemure is pulled toward you!
The lemure is pulled toward you!
Press: ? - help, v - describe, . - travel
Here: Pikel, wielding a +2 whip of electrocution and wearing a +0 robe The floor.
Pikel is nearby!
The lemure is pulled toward you! The lemure is pulled toward you!
You barely miss Pikel. Pikel completely misses you.
You barely miss Pikel.
Pikel hits you with a +2 whip of electrocution.
* * * LOW HITPOINT WARNING * * *
You hit Pikel but do no damage. Your bite misses Pikel.
Pikel closely misses you.
You hit Pikel but do no damage. Pikel hits you but does no damage.
You are electrocuted!
You die...

#.######.####.#.##.#######
#.#..5........#.##.#######
#.#.#####.###.#.##........
#.#...# #.###.#.#########.
#.###.# #..##.#.# #.
#.#<#.# ##.##.#.# #.
#.#.#.####.##.#.# #.
#.#.#..5K...#.#.# #.
#.#.#####@#...#.# #. #.#.#
#.#...#.# #. #.#.#
#.##..#.# #.
#.#.#####.##..#.#########(
#.#.......##..#...........
#.##########..############
#............>............
##########################


You could see Pikel and a lemure.

Vanquished Creatures
  A lemure (D:4)
  A howler monkey (D:3)
  Terence (D:2)
  3 gnolls (D:2)
  3 adders
  A worm (D:2)
  2 dart slugs (D:2)
  2 orcs (D:3)
  6 endoplasms
  A giant cockroach (D:4)
  4 goblins
  8 hobgoblins
  5 kobolds
  4 quokkas
  5 ball pythons
  3 bats
  A frilled lizard (D:3)
  21 rats
72 creatures vanquished.

Notes
Turn   | Place    | Note
-------+----------+-------------------------------------------
     0 | Abyss:1  | Gargoyl the Gnoll Abyssal Knight began the quest for the
                  | Orb.
     0 | Abyss:1  | Reached XP level 1. HP: 23/23 MP: 3/3
    38 | Abyss:1  | Found a burning altar of Makhleb.
    86 | Abyss:2  | Noticed a starcursed mass
    88 | D:1      | Escaped the Abyss
   173 | D:1      | Reached * piety under Lugonu
   357 | D:1      | Found a faded altar of an unknown god.
   372 | D:1      | Reached XP level 2. HP: 27/29 MP: 5/5
  1059 | D:2      | Reached XP level 3. HP: 35/35 MP: 6/6
  1103 | D:2      | Noticed Terence
  1335 | D:3      | Reached skill level 1 in Short Blades
  1335 | D:3      | Reached skill level 1 in Long Blades
  1335 | D:3      | Reached skill level 1 in Maces & Flails
  1335 | D:3      | Reached skill level 1 in Polearms
  1335 | D:3      | Reached skill level 1 in Staves
  1335 | D:3      | Reached skill level 1 in Slings
  1335 | D:3      | Reached skill level 1 in Bows
  1335 | D:3      | Reached skill level 1 in Crossbows
  1335 | D:3      | Reached skill level 1 in Throwing
  1335 | D:3      | Reached skill level 1 in Stealth
  1335 | D:3      | Reached skill level 1 in Shields
  1335 | D:3      | Reached skill level 1 in Unarmed Combat
  1335 | D:3      | Reached skill level 1 in Spellcasting
  1335 | D:3      | Reached skill level 1 in Evocations
  1335 | D:3      | Reached XP level 4. HP: 37/41 MP: 7/7
  1628 | D:3      | Found View's Jewellery Shoppe.
  1668 | D:3      | Reached skill level 1 in Conjurations
  1668 | D:3      | Reached skill level 1 in Hexes
  1668 | D:3      | Reached skill level 1 in Summonings
  1668 | D:3      | Reached skill level 1 in Necromancy
  1668 | D:3      | Reached skill level 1 in Translocations
  1668 | D:3      | Reached skill level 1 in Transmutations
  1668 | D:3      | Reached skill level 1 in Fire Magic
  1668 | D:3      | Reached skill level 1 in Ice Magic
  1668 | D:3      | Reached skill level 1 in Air Magic
  1668 | D:3      | Reached skill level 1 in Earth Magic
  1668 | D:3      | Reached skill level 1 in Poison Magic
  1839 | D:3      | Found Gethoole's Antique Armour Boutique.
  1885 | D:3      | Reached ** piety under Lugonu
  2024 | D:3      | Found Wouf's Armour Shop.
  2355 | D:2      | Killed Terence
  2356 | D:2      | Reached XP level 5. HP: 19/47 MP: 8/8
  3038 | D:4      | Noticed a lemure
  3056 | D:4      | Killed a lemure
  3069 | D:4      | Noticed a lemure
  3069 | D:4      | Noticed a lemure
  3249 | D:4      | Noticed Pikel
  3249 | D:4      | Noticed a lemure
  3288 | D:3      | Mangled by Pikel

Illustrated notes

Levels and vault maps discovered:
D:1:      beargit_arrival_diablo_church, layout_loops_ring,
          hellmonk_ecumenical_altar_leap_of_faith, minmay_statues_item,
          minmay_misc_feat_x
D:2:      minmay_door_path, layout_rooms, minmay_misc_feat_diagonals,
          minmay_rat_hole, uniq_terence
D:3:      layout_basic, serial_shops, nicolae_shop_crystal, shop, shop
D:4:      layout_cave_pools, grunt_ministairs_2, uniq_ijyb, uniq_pikel

Skill      XL: |  1  2  3  4  5 |
---------------+----------------+-----
Short Blades   | 1 |  1.6
Long Blades    | 1 |  1.6
Maces & Flails | 1 |  1.6
Polearms       | 1 |  1.6
Staves         | 1 |  1.6
Slings         | 1 |  1.6
Bows           | 1 |  1.6
Crossbows      | 1 |  1.6
Throwing       | 1 |  1.6
Stealth        | 1 |  1.6
Shields        | 1 |  1.6
Unarmed Combat | 1 |  1.6
Spellcasting   | 1 |  1.6
Evocations     | 1 |  1.6
Conjurations   | 1 |  1.2
Hexes          | 1 |  1.2
Summonings     | 1 |  1.2
Necromancy     | 1 |  1.2
Translocations | 1 |  1.2
Transmutations | 1 |  1.2
Fire Magic     | 1 |  1.2
Ice Magic      | 1 |  1.2
Air Magic      | 1 |  1.2
Earth Magic    | 1 |  1.2
Poison Magic   | 1 |  1.2
Dodging        | 3 |  3.0
Fighting       | |  6.7
Axes           | |  4.8
Armour         | |  4.8
Invocations    | |  4.9

Action                   |  1- 3 |  4- 6 || total
-------------------------+-------+-------++-------
Melee: Hand axe          |    94 |   118 ||   212
       Bite              |     1 |     6 ||     7
Invok: Depart the Abyss  |     1 |       ||     1
  Use: Scroll            |     1 |     3 ||     4
       Potion            |     2 |     4 ||     6
Armor: Plate armour      |    82 |    38 ||   120
       Scale mail        |       |    35 ||    35
Dodge: Dodged            |    35 |   102 ||   137

Table legend: (Time is in decaauts)
 A = Elapsed time spent in this place.
 B = Non-inter-level travel time spent in this place.
 C = Inter-level travel time spent in this place.
 D = Time resting spent in this place.
 E = Time spent auto-exploring this place.
 F = Levels seen in this place.
 G = Mean time per level.
                   A        B        C        D        E       F      G
               +--------+--------+--------+--------+--------+-----+--------+
         Total |   3313 |   3185 |    128 |    305 |   2105 |   6 |  552.2 |
       Dungeon |   3225 |   3097 |    128 |    305 |   2045 |   4 |  806.2 |
         Abyss |     87 |     87 |      0 |      0 |     60 |   2 |   43.5 |
               +--------+--------+--------+--------+--------+-----+--------+

Top non-repeatable levels by time:
     D:3: 1396 daAuts
     D:1: 931 daAuts
     D:2: 858 daAuts
 Abyss:1: 49 daAuts
     D:4: 39 daAuts
 Abyss:2: 38 daAuts
